AoeStats
← LM | TornardoBriese

Arabia

504736582Analyzed
1v1 RM · 26d ago on Sep 6, 2026· 40m 7s· 2 players
Game mode
Random Map
Map size
Tiny (2 player)
Population
200
Speed
Normal
Resources
Standard
Victory
Conquest
Starting age
Dark Age
Ending age
Imperial Age
RankedLock teamsTeams togetherTeam positionsShared explorationLock speedFull tech treeHidden civsTurbo modeCheats
Victory
Defeat
🇨🇭 Bulgarians · Switzerland
1281
+13
🇨🇭 Franks · Switzerland
1222
-13
NinjaPenguin
6:56 Loom
9:28 Feudal Age
10:03 Double-Bit Axe
19:45 Castle Age
19:02 Scale Barding Armor
19:48 Light Cavalry
21:45 Bloodlines
22:26 Husbandry
25:02 Redemption
26:26 Fervor
27:08 Wheelbarrow
28:36 Fletching
29:08 Chain Barding Armor
30:02 Pikeman
35:00 Imperial Age
34:04 Squires
34:06 Scale Mail Armor
34:17 Forging
34:03 Bodkin Arrow
35:09 Halberdier
38:33 Chain Mail Armor
38:13 Hussar
39:53 Iron Casting
39:52 Bracer
LM | TornardoBriese
6:47 Loom
9:13 Feudal Age
13:49 Double-Bit Axe
22:00 Castle Age
20:25 Gold Mining
21:28 Scale Barding Armor
21:57 Forging
23:38 Pikeman
26:47 Wheelbarrow
27:47 Light Cavalry
33:05 Chain Barding Armor
39:14 Imperial Age
36:54 Scale Mail Armor
39:02 Town Watch
Connection lost

Rejoining the realm…

Still unreachable

The connection could not be restored.

Session expired

The server has moved on; the page needs a fresh start.